Map: Pendiente de Agustín EE

Players

TATORREA - Winner!

  • Race: Protoss Protoss
  • League: Silver
  • Spawn Location: 6:00

tigro - Winner!

  • Race: Terran Terran
  • League: Bronze
  • Spawn Location: 5:00

MrFercho - Winner!

  • Race: Zerg Zerg
  • League: Silver
  • Spawn Location: 6:00

Chrome

  • Race: Terran Terran
  • Spawn Location: 12:00

loOI

  • Race: Protoss Protoss
  • Spawn Location: 12:00

SleepyTiger

  • Race: Zerg Zerg
  • Spawn Location: 11:00

VOD

Have the link to the VOD?

Description

Time

  • Played on: June 26, 2020, 10:07 p.m.
  • Length: 13:21
Show
View Real Time Build Order
Export as new Build Order

TATORREA Protoss - Winner!

Build Orders:  

Get SALT Encoding   

  12  0:01  Probe  
  13  0:14  Probe  
  14  0:26  Pylon, Probe  
  15  0:44  Probe  
  15  0:46  Gateway  
  16  0:56  Probe  
  17  1:09  Probe  
  18  1:15  Assimilator  
  18  1:17  Probe  
  18  1:20  Pylon  
  18  1:25  Probe  
  20  1:36  Probe  
  21  1:48  Probe  
  22  2:00  Probe  
  23  2:05  Assimilator  
  23  2:09  Cybernetics Core  
  23  2:12  Probe  
  23  2:14  Gateway  
  24  2:19  Nexus  
  24  2:21  Pylon  
  24  2:24  Probe  
  25  2:36  Probe  
  25  2:45  Probe  
  26  2:53  Probe  
  27  3:01  Probe  
  27  3:04  Robotics Facility  
  28  3:06  Pylon  
  28  3:09  Pylon, Probe  
  28  3:10  Warp Gate  
  28  3:14  Zealot  
  28  3:16  Zealot  
  28  3:19  Probe  
  34  3:31  Probe x2  
  36  3:41  Stalker  
  38  3:43  Probe x2  
  38  3:44  Stalker  
  42  3:55  Probe x2  
  44  4:07  Probe  
  44  4:08  Probe  
  46  4:10  Assimilator  
  46  4:12  Assimilator  
  46  4:21  Probe x2  
  48  4:27  Nexus  
  48  4:29  Pylon  
  48  4:33  Probe x2  
  48  4:35  Immortal  
  54  4:41  Probe x2  
  55  4:49  Probe x2  
  58  5:17  Probe x2  
  60  5:23  Observer  
  60  5:25  Probe x2  
  61  5:33  Probe x2  
  63  5:41  Stargate  
  65  5:43  Stargate  
  65  5:44  Probe  
  65  5:45  Gateway, Probe x2  
  65  5:47  Gateway  
  65  5:49  Assimilator  
  68  5:52  Gateway  
  68  5:53  Assimilator  
  68  5:54  Gateway  
  68  5:56  Pylon, Probe  
  69  5:57  Gateway, Probe x2  
  69  5:59  Stalker, Pylon  
  69  6:00  Gateway  
  69  6:02  Stalker  
  75  6:09  Immortal  
  80  6:11  Probe x2  
  80  6:13  Probe  
  82  6:23  Probe x2  
  82  6:25  Probe  
  85  6:44  Stalker x3  
  91  6:58  Stalker x2  
  91  6:59  Stalker x3  
  101  7:04  Immortal  
  101  7:05  Void Ray  
  109  7:14  Pylon  
  109  7:18  Pylon  
  109  7:22  Pylon  
  109  7:26  Pylon  
  109  7:30  Pylon  
  109  7:32  Void Ray, Probe x3  
  106  7:44  Probe x3  
  83  7:59  Stalker x2  
  83  8:00  Stalker x4  
  83  8:01  Stalker  
  83  8:04  Stalker  
  99  8:07  Void Ray  
  103  8:15  Void Ray  
  103  8:16  Immortal  
  111  8:42  Nexus  
  111  8:46  Gateway, Pylon  
  107  8:49  Stalker x3  
  107  8:50  Stalker, Void Ray  
  107  8:51  Pylon  
  107  8:52  Gateway x2  
  107  8:55  Immortal  
  105  9:01  Stalker x2  
  105  9:02  Stalker x2  
  99  9:28  Gateway  
  99  9:29  Cybernetics Core  
  99  9:33  Gateway  
  99  9:36  Gateway  
  99  9:38  Gateway  
  99  9:40  Zealot x2  
  99  9:41  Zealot x4  
  99  9:42  Gateway, Zealot  
  91  10:34  Stalker  
  91  10:35  Stalker x5  
  85  10:36  Stalker x4  
  85  10:37  Stalker x4  
  99  10:47  Stalker  
  101  11:01  Nexus  
  101  11:04  Pylon x2  
  99  11:05  Probe  
  99  11:06  Probe x2  
  99  11:10  Stalker x5  
  102  11:11  Stalker x2  
  102  11:12  Stalker x4  
  102  11:13  Stalker  
  102  11:17  Probe  
  102  11:18  Probe x2  
  79  11:40  Stalker x3  
  79  11:41  Stalker x2  
  79  11:42  Stalker x2  
  79  11:43  Stalker x3  
  79  11:44  Stalker x2  
  98  12:15  Stalker x2  
  100  12:16  Stalker x4  
  100  12:17  Stalker x4  
  100  12:18  Stalker x4  
  126  12:25  Probe x3  
  129  12:37  Probe x3  
  132  12:49  Probe  
Show
View Real Time Build Order
Export as new Build Order

tigro Terran - Winner!

Build Orders:  

Get SALT Encoding   

  12  0:03  SCV  
  13  0:15  SCV  
  13  0:21  Supply Depot  
  14  0:27  SCV  
  15  0:36  Refinery  
  16  0:42  SCV  
  16  0:50  Barracks  
  16  0:54  SCV  
  17  1:02  Refinery  
  17  1:07  SCV  
  18  1:17  Supply Depot  
  18  1:19  SCV  
  19  1:31  SCV  
  20  1:43  SCV  
  20  1:45  Barracks  
  20  1:46  Marine  
  22  1:55  SCV  
  23  2:04  Marine  
  23  2:07  SCV  
  25  2:17  Engineering Bay  
  25  2:21  Orbital Command  
  25  2:22  Marine  
  26  2:35  Barracks Reactor  
  26  2:40  Marine  
  26  2:43  Factory  
  27  2:53  Terran Infantry Weapons Level 1  
  27  2:57  Marine  
  28  3:16  Barracks Tech Lab  
  28  3:30  Marine x2  
  30  3:38  Factory Tech Lab  
  30  3:48  Marine x2  
  31  3:49  Starport  
  32  3:59  Siege Tank  
  35  4:06  Marine x2  
  37  4:21  Missile Turret  
  37  4:23  Marine  
  37  4:24  Marine  
  39  4:44  Missile Turret  
  39  4:47  Terran Infantry Armor Level 1  
  39  4:49  Command Center  
  39  5:04  Missile Turret  
  39  5:05  Medivac  
  41  5:21  Starport  
  41  5:27  Fusion Core  
  41  5:32  Missile Turret  
  41  6:05  Refinery  
  41  6:07  Refinery  
  41  6:18  Starport Tech Lab  
  41  6:25  Starport Tech Lab  
  41  6:38  Armory, Siege Tank  
  44  6:41  Hi-Sec Auto Tracking  
  44  6:57  Marine x3  
  47  7:04  SCV  
  48  7:10  Siege Tank  
  48  7:15  Marine x3  
  54  7:16  SCV  
  54  7:17  Supply Depot  
  55  7:28  SCV  
  56  7:32  Marine  
  56  7:33  Marine x2  
  59  7:38  Neosteel Armor  
  59  7:40  SCV  
  59  7:42  Combat Shield  
  60  7:50  Marine  
  60  7:51  Marine x2  
  52  8:06  Thor  
  52  8:08  Marine x3  
  48  8:26  Marine x3  
  51  8:27  Medivac x2  
  51  8:33  Weapon Refit  
  55  8:44  Marine  
  56  8:52  Marine x2  
  58  9:02  Marine  
  59  9:09  Marine  
  59  9:10  Marine  
  61  9:20  Marine  
  62  9:27  Marine  
  62  9:28  Marine  
  64  9:37  Medivac x2, Marine  
  69  9:45  Marine  
  70  9:54  Marine  
  70  9:55  Marine  
  60  10:03  Marine  
  58  10:12  Marine  
  58  10:13  Rapid Reignition System, Marine  
  53  10:21  Marine  
  51  10:30  Marine  
  51  10:31  Marine  
  53  10:39  Marine  
  52  10:48  Marine  
  52  10:49  Marine  
  54  10:56  Marine  
  38  11:05  Marine  
  38  11:06  Marine  
  38  11:10  SCV  
  41  11:14  Marine  
  40  11:21  Medivac  
  40  11:23  Marine, SCV  
  40  11:24  Marine  
  44  11:32  Marine  
  44  11:35  SCV  
  45  11:41  Marine  
  45  11:42  Marine  
  47  11:47  SCV  
  47  11:50  Marine  
  48  11:59  Marine, SCV  
  48  12:00  Marine  
  47  12:08  Marine  
  47  12:14  Battlecruiser  
  53  12:17  SCV  
  53  12:18  Marine  
  55  12:29  SCV  
  56  12:32  Marine x2  
  56  12:36  Marine  
  59  12:41  SCV  
  60  12:50  Marine x2  
  62  12:53  Marine, SCV  
  64  13:05  SCV  
Show
View Real Time Build Order
Export as new Build Order

MrFercho Zerg - Winner!

Build Orders: Pool First, Lurkers 

Get SALT Encoding   

  12  0:01  Drone  
  13  0:25  Overlord  
  13  0:33  Spawning Pool, Drone  
  13  0:37  Drone  
  14  0:44  Drone  
  15  0:50  Drone  
  16  1:04  Extractor  
  16  1:07  Drone  
  16  1:10  Overlord  
  16  1:19  Queen  
  18  1:31  Zergling x2  
  19  1:38  Drone  
  20  1:41  Drone  
  21  2:00  Hatchery  
  20  2:02  Drone  
  20  2:04  Drone  
  22  2:15  Drone  
  22  2:17  Metabolic Boost  
  23  2:24  Drone  
  23  2:25  Extractor  
  23  2:45  Drone x4  
  27  2:55  Drone  
  27  2:57  Lair  
  28  3:07  Drone  
  29  3:18  Hatchery  
  28  3:23  Zergling x2  
  28  3:24  Zergling x2  
  30  3:41  Zergling x10  
  31  3:47  Drone  
  36  4:08  Overlord x3  
  36  4:09  Overlord x3  
  36  4:26  Queen, Drone x3  
  36  4:27  Drone x2  
  43  4:34  Queen  
  45  4:39  Drone x3  
  48  4:45  Drone x2  
  48  4:46  Drone  
  48  4:47  Extractor x2  
  49  4:54  Zergling x6  
  49  4:55  Zergling x2  
  53  5:04  Hydralisk Den  
  52  5:09  Drone  
  52  5:10  Evolution Chamber, Drone x2  
  54  5:23  Zergling x2  
  54  5:24  Zergling x10  
  54  5:25  Zergling x2  
  61  5:34  Overseer  
  61  5:51  Zerg Ground Armor Level 1  
  61  5:53  Muscular Augments  
  61  5:57  Drone x7  
  68  6:06  Zergling x6  
  68  6:07  Zergling x2  
  72  6:15  Overlord  
  58  6:54  Hydralisk x11  
  80  7:04  Grooved Spines  
  80  7:14  Drone x2  
  83  7:15  Drone x2  
  83  7:16  Drone x4  
  88  7:26  Infestation Pit  
  83  7:46  Evolution Chamber  
  77  7:54  Hydralisk  
  77  7:55  Hatchery, Hydralisk x6  
  90  8:02  Hydralisk x3  
  74  8:23  Overlord  
  74  8:24  Overlord x4  
  74  8:33  Hydralisk x4  
  82  8:37  Zerg Missile Weapons Level 1  
  82  8:47  Lurker Den  
  81  9:03  Hydralisk x4  
  81  9:04  Hydralisk x3  
  81  9:32  Hydralisk x8  
  91  9:57  Hydralisk x2  
  91  9:58  Hydralisk x5  
  97  10:03  Drone x3  
  97  10:04  Drone  
  101  10:13  Lurker x4  
  101  10:14  Lurker x2  
  107  10:30  Drone x6  
  107  10:31  Drone x2  
  107  10:33  Extractor  
  114  10:38  Extractor  
  113  10:55  Hive  
  99  11:19  Hydralisk x12  
  115  11:31  Drone x7  
  112  12:00  Hydralisk x3  
  112  12:01  Hydralisk x6  
  127  12:12  Zergling x2  
  127  12:14  Overlord x4  
  127  12:15  Overlord  
  114  12:54  Hydralisk x3  
  114  12:55  Hydralisk x14  
Show
View Real Time Build Order
Export as new Build Order

Chrome Terran 

Build Orders:  

Get SALT Encoding   

  12  0:01  SCV  
  13  0:13  SCV  
  14  0:17  Supply Depot  
  14  0:25  SCV  
  15  0:39  SCV  
  15  0:40  Barracks  
  16  0:51  SCV  
  16  0:52  Refinery  
  16  0:55  Refinery  
  17  1:03  SCV  
  18  1:17  SCV  
  19  1:33  Orbital Command  
  19  1:36  Marine  
  20  2:05  Marine  
  20  2:07  Factory  
  21  2:24  SCV  
  22  2:32  Command Center  
  22  2:45  Barracks Tech Lab  
  22  2:48  SCV  
  23  2:56  Factory Tech Lab  
  23  3:04  Armory  
  23  3:43  Siege Tank, SCV  
  23  3:45  Refinery  
  23  3:47  Supply Depot  
  26  4:06  SCV  
  27  4:13  Supply Depot, Marine  
  27  4:15  Combat Shield  
  28  4:18  SCV  
  28  4:19  Terran Vehicle Weapons Level 1  
  29  4:28  Thor  
  36  4:31  SCV  
  36  4:41  Marine  
  36  4:43  SCV  
  38  4:51  Factory  
  38  4:56  SCV  
  39  5:06  Starport, Orbital Command  
  39  5:22  Thor  
  39  5:28  Refinery  
  45  5:30  Marine  
  46  5:36  Supply Depot, Factory Tech Lab  
  46  5:48  Marine  
  47  5:59  Starport Tech Lab  
  47  6:03  Thor  
  53  6:15  Terran Vehicle And Ship Armor Level 1  
  53  6:18  SCV  
  54  6:30  SCV  
  55  6:53  Thor  
  61  7:10  Thor  
  61  7:13  Supply Depot  
  61  7:14  Marine  
  68  7:16  SCV  
  69  7:24  Medivac  
  71  7:32  Marine  
  71  7:36  Thor  
  78  7:54  Medivac  
  80  8:34  Marine  
  80  8:36  Cyclone  
  80  8:37  Cyclone  
  74  8:52  Marine  
  69  9:08  Cyclone  
  69  9:09  Marine  
  45  9:19  Thor  
  45  9:22  Banshee  
  53  9:27  Marine  
  54  9:37  Barracks  
  54  9:40  Thor  
  54  9:41  Barracks  
  54  9:45  Marine  
  61  10:02  Thor  
  61  10:05  Banshee  
  61  10:14  Marine  
  59  10:23  Thor  
  62  10:32  Marine  
  56  10:41  Marine x2  
  58  10:45  Thor  
  58  10:48  Banshee  
  67  10:50  Marine  
  68  10:59  Marine x2  
  70  11:06  Cyclone  
  70  11:07  Marine  
  74  11:17  Marine x2  
  65  11:25  Marine  
  65  11:28  Cyclone  
  63  11:34  Marine  
  63  11:35  Marine  
  63  11:38  Cyclone  
  68  11:43  Marine  
  60  11:52  Marine x2  
  59  12:00  Cyclone  
  59  12:01  Marine  
  49  12:10  Marine x2, Cyclone  
  53  12:16  Medivac  
  53  12:19  Marine  
  56  12:28  Barracks, Marine x2  
  58  12:32  Cyclone  
  58  12:36  Marine  
  62  12:42  Cyclone  
  65  12:46  Medivac, Marine x2  
  69  12:54  Marine  
Show
View Real Time Build Order
Export as new Build Order

loOI Protoss 

Build Orders:  

Get SALT Encoding   

  12  0:01  Probe  
  13  0:15  Pylon  
  13  0:18  Probe  
  14  0:30  Assimilator  
  14  0:39  Gateway  
  14  0:41  Probe  
  15  0:50  Assimilator  
  15  0:55  Probe  
  16  1:05  Pylon  
  16  1:07  Probe  
  17  1:28  Probe  
  18  1:40  Probe  
  19  1:50  Cybernetics Core  
  19  1:52  Probe  
  20  2:04  Probe  
  21  2:16  Probe  
  22  2:26  Stalker  
  24  2:32  Warp Gate, Stargate  
  24  2:41  Probe  
  25  2:56  Stalker  
  27  3:01  Nexus  
  27  3:05  Assimilator  
  27  3:09  Probe  
  28  3:39  Pylon  
  28  3:41  Pylon  
  28  3:44  Void Ray  
  28  3:49  Probe  
  29  3:56  Stalker  
  35  4:16  Void Ray  
  35  4:25  Assimilator  
  35  4:26  Probe  
  40  4:34  Probe  
  41  4:46  Probe  
  42  4:59  Void Ray  
  46  5:04  Gateway  
  46  5:05  Gateway  
  46  5:06  Probe  
  46  5:08  Gateway  
  46  5:13  Probe  
  48  5:15  Probe  
  49  5:25  Probe  
  50  5:35  Void Ray  
  50  5:37  Probe  
  54  6:47  Stalker  
  54  6:48  Stalker x3  
  62  6:56  Pylon  
  62  6:57  Pylon  
  62  6:59  Pylon  
  62  7:00  Pylon  
  62  7:02  Pylon  
  62  7:11  Void Ray  
  62  7:14  Probe x2  
  68  7:26  Probe x2  
  68  7:29  Protoss Air Weapons Level 1  
  70  7:38  Probe  
  71  7:50  Probe  
Show
View Real Time Build Order
Export as new Build Order

SleepyTiger Zerg 

Build Orders: Pool First 

Get SALT Encoding   

  12  0:03  Drone  
  13  0:09  Drone  
  14  0:16  Overlord  
  14  0:35  Drone x2  
  15  0:36  Drone  
  17  0:45  Spawning Pool  
  17  0:48  Drone  
  17  0:57  Drone  
  17  1:03  Extractor  
  17  1:08  Drone  
  18  1:18  Drone  
  19  1:29  Drone  
  19  1:30  Hatchery  
  19  1:40  Drone  
  20  1:47  Queen  
  22  1:54  Roach Warren  
  22  1:56  Drone  
  22  2:08  Overlord  
  22  2:18  Extractor, Drone  
  22  2:25  Lair  
  22  2:27  Drone  
  23  2:35  Drone  
  24  2:43  Drone  
  25  2:47  Drone  
  26  2:54  Drone  
  27  3:01  Queen  
  27  3:03  Drone  
  27  3:04  Drone  
  31  3:12  Drone  
  32  3:13  Drone x3  
  32  3:17  Drone  
  32  3:18  Extractor  
  32  3:19  Extractor  
  34  3:24  Queen  
  34  3:26  Overlord  
  36  3:47  Roach x4  
  44  4:09  Overlord x3  
  44  4:26  Hydralisk Den  
  43  4:40  Drone x6  
  49  4:47  Hatchery  
  48  4:57  Evolution Chamber  
  48  4:58  Evolution Chamber  
  46  5:00  Roach  
  46  5:01  Roach x2  
  46  5:06  Drone  
  46  5:07  Drone  
  54  5:09  Drone  
  55  5:24  Zerg Missile Weapons Level 1  
  55  5:26  Glial Reconstitution  
  55  5:31  Grooved Spines  
  55  5:37  Zerg Ground Armor Level 1  
  55  5:39  Drone  
  55  5:42  Drone  
  57  5:43  Drone  
  58  6:05  Spine Crawler x2  
  58  6:09  Roach, Spine Crawler  
  58  6:10  Roach x2  
  61  6:12  Drone  
  61  6:13  Drone  
  61  6:15  Drone  
  61  6:17  Drone  
  65  6:22  Overlord  
  65  6:27  Roach  
  65  6:28  Roach  
  69  6:44  Tunneling Claws  
  67  6:49  Extractor x2, Roach  
  67  6:50  Roach x4  
  67  6:53  Drone x2  
  77  6:54  Drone  
  78  7:09  Hatchery  
  78  7:14  Hydralisk  
  79  7:18  Drone  
  79  7:19  Drone x2  
  82  7:24  Spore Crawler  
  82  7:25  Spore Crawler  
  80  7:30  Spore Crawler  
  80  7:33  Spore Crawler  
  80  7:34  Spore Crawler  
  75  7:40  Roach  
  75  7:41  Roach  
  75  7:46  Roach  
  75  7:47  Roach  
  71  8:03  Spine Crawler  
  71  8:04  Spine Crawler x2  
  71  8:05  Roach, Spine Crawler  
  55  8:06  Spine Crawler, Roach x8  
  66  8:25  Roach x4  
  74  8:35  Queen  
  74  8:37  Roach x4  
  84  8:47  Hydralisk x4  
  86  8:53  Roach  
  86  8:54  Roach  
  88  8:58  Roach  
  88  9:02  Overlord x4  
  76  9:14  Roach  
  76  9:15  Roach x5  
  88  9:31  Roach x5  
  94  9:37  Drone  
  94  9:38  Drone x3  
  102  9:57  Hydralisk x4  
  102  9:58  Hydralisk x6  
  112  10:05  Drone x4  
  98  10:14  Roach  
  98  10:15  Roach x4  
  100  10:36  Hydralisk  
  100  10:37  Hydralisk x8  
  118  10:58  Hydralisk  
  78  11:26  Roach  
  78  11:27  Roach x12  
  98  11:35  Roach x2  
  98  11:43  Roach x3  
  98  11:45  Roach  
  98  11:46  Roach x3  
  104  11:47  Roach x2  
  104  11:48  Roach  
  104  11:49  Roach x3  
  104  11:50  Roach  
  104  11:51  Roach x2  
  120  11:56  Overseer  
  120  11:57  Overseer  
  120  11:58  Pneumatized Carapace  
  120  12:23  Overlord x2  
  120  12:24  Overlord x9  
  80  12:55  Roach  
  80  12:56  Roach x8  
Tags
 
Add a new tag
Caveats
  • Supply blocks, unpowered buildings, or Contaminate may cause inaccurate times.
  • Supply counts are checked every 10 seconds.